 Dungeon Crawl Stone Soup version 0.23.1 (webtiles) character file.

Game seed: 4253127605003332169

50 Lusmu the Grave Robber (level 3, -1/16 HPs)
             Began as a Felid Necromancer on Mar 14, 2019.
             Slain by a worm (11 damage)
             ... on level 3 of the Dungeon.
             The game lasted 00:08:19 (4462 turns).

Lusmu the Grave Robber (Felid Necromancer)          Turns: 4462, Time: 00:08:20

Health: -1/16      AC:  1    Str:  5    XL:     3   Next: 55%
Magic:  1/7        EV: 18    Int: 16    God:
Gold:   134        SH:  0    Dex: 16    Spells: 4/6 levels left
                                        Lives:  0   Deaths: 1

rFire    . . .     SeeInvis +   (weapon unavailable)
rCold    + . .     Gourm    .   (shield unavailable)
rNeg     . . .     Faith    .   (armour unavailable)
rPois    .         Spirit   .   (helmet unavailable)
rElec    .         Reflect  .   (cloak unavailable)
rCorr    .         Harm     .   (gloves unavailable)
MR       .....                  (boots unavailable)
Stlth    +++.......             (no amulet)
HPRegen  0.05/turn              a - ring of protection from cold
MPRegen  0.10/turn              (no ring)

@: quick
A: very small, no armour, no weapons or thrown items, stealth, claws 1, fangs 3,
see invisible, carnivore, speed 1, shaggy fur 1, slow metabolism 1, sharp paws
a: no special abilities


You were on level 3 of the Dungeon.
You were very full.

You visited 1 branch of the dungeon, and saw 3 of its levels.

You collected 134 gold pieces.

Inventory:

Jewellery
 a - a ring of protection from cold (left paw)
Scrolls
 c - 4 scrolls of teleportation
 f - a scroll of immolation
 h - 3 scrolls of remove curse
 j - a scroll of fog {unknown}
 l - 2 scrolls of enchant armour {unknown}
 n - a scroll of random uselessness {unknown}
Potions
 d - a potion of might
 e - a potion of haste
 i - a potion of brilliance {unknown}
 k - a potion of berserk rage {unknown}
 m - a potion of curing {unknown}
Comestibles
 b - 6 rations


   Skills:
 + Level 2.2 Fighting
 - Level 2.6 Dodging
 + Level 4.4 Stealth
 - Level 2.0 Spellcasting
 + Level 4.7 Necromancy


You had 4 spell levels left.
You knew the following spells:

 Your Spells              Type           Power        Failure   Level  Hunger
a - Pain                  Necr           ###.         3%          1    #......
b - Animate Skeleton      Necr           N/A          3%          1    #......

Your spell library contained the following spells:

 Spells                   Type           Power        Failure   Level  Hunger
 Vampiric Draining        Necr           ###.......   9%          3    ###....
 Regeneration             Chrm/Necr      #.........   24%         3    ###....
 Animate Dead             Necr           N/A          30%         4    #####..


Dungeon Overview and Level Annotations

Branches:
Dungeon (3/15)

Altars:
Uskayaw


Innate Abilities, Weirdness & Mutations

You cannot wear armour.
You are incapable of wielding weapons or throwing items.
Your paws allow you to move quietly. (Stealth)
You have sharp claws.
You have razor-sharp teeth.
You have supernaturally acute eyesight. (SInv)
You are carnivorous and can eat meat at any time.
You cover ground quickly.
You are covered in fur. (AC +1)
You have a slow metabolism.
Your sharp claws are effective at attacking unaware monsters.


Message History

Casting: Pain (safe; 3% risk of failure)
Confirm with . or Enter, or press ? or * to list all spells.
Aiming: Pain (safe; 3% risk of failure)
Press: ? - help, Shift-Dir - straight line, f/p - worm
Aim: a worm (chance to defeat MR: 81%)
The worm writhes in agony.
Casting: Pain (safe; 3% risk of failure)
Confirm with . or Enter, or press ? or * to list all spells.
Aiming: Pain (safe; 3% risk of failure)
Press: ? - help, Shift-Dir - straight line, f/p - worm
Aim: a worm (moderately wounded, chance to defeat MR: 81%)
The worm barely resists.
Casting: Pain (safe; 3% risk of failure)
Confirm with . or Enter, or press ? or * to list all spells.
Aiming: Pain (safe; 3% risk of failure)
Press: ? - help, Shift-Dir - straight line, f/p - worm
Aim: a worm (lightly wounded, chance to defeat MR: 81%)
The worm barely resists.
The worm bites you!
Ouch! That really hurt!
You die...

.........# #..........#
.........# #..<.......#
.........###..........#######
.........'...)......>........
.........###).......[.#######
#####..#.....#####....#
.......#.###### #.[..# #####
..............####..>.# #....
......##....@w.....#### #.###
#####.##..(...#..##<# #...<
..........(.....##.# #####
####.##......#####.#
.............w...#
###.##......####### #
#......# #....(.# #......#


You could see a worm.

Vanquished Creatures
  3 gnolls (D:2)
  An ooze (D:3)
  2 leopard geckos
  5 orcs (D:3)
  A giant cockroach (D:2)
  2 goblins
  3 hobgoblins
  3 jackals (D:1)
  3 kobolds
  2 quokkas (D:3)
  4 bats
  2 frilled lizards
  4 rats (D:1)
35 creatures vanquished.

Vanquished Creatures (collateral kills)
  An orc wizard (D:3)
1 creature vanquished.

Grand Total: 36 creatures vanquished

Notes
Turn   | Place    | Note
-------+----------+-------------------------------------------
     0 | D:1      | Lusmu the Felid Necromancer began the quest for the Orb.
     0 | D:1      | Reached XP level 1. HP: 7/7 MP: 4/4
   126 | D:1      | Learned a level 1 spell: Animate Skeleton
  1082 | D:1      | Reached XP level 2. HP: 12/12 MP: 6/6
  1316 | D:1      | Reached skill level 1 in Fighting
  2126 | D:2      | Reached XP level 3. HP: 8/15 MP: 0/7
  2611 | D:2      | Found a hide-covered altar of Uskayaw.
  3553 | D:3      | Reached XP level 4. HP: 2/19 MP: 0/8
  4026 | D:2      | Slain by an orc priest
  4027 | D:2      | Reached XP level 3. HP: -4/16 MP: 3/7
  4462 | D:3      | Slain by a worm

Skill      XL: |  1  2  3 |
---------------+----------+-----
Stealth        | 3 4 |  4.4
Fighting       | 1 2 |  2.2
Dodging        | |  2.6
Spellcasting   | |  2.0
Necromancy     | |  4.7

Action                   |  1- 3 |  4- 6 || total
-------------------------+-------+-------++-------
Melee: Unarmed           |    68 |       ||    68
       Bite              |     9 |       ||     9
 Cast: Pain              |    63 |    15 ||    78
       Animate Skeleton  |     3 |     1 ||     4
  Use: Scroll            |     5 |       ||     5
 Stab: Sleeping          |     6 |       ||     6
  Eat: Chunk             |    19 |       ||    19
Armor: Skin              |     5 |       ||     5
Dodge: Dodged            |    65 |     4 ||    69
